 Dungeon Crawl Stone Soup version 0.29-a0-308-g4e025c60ea (webtiles) character file.

Game seed: 56548131969409491

4 Tolsthunder the Digger (level 1, -1/10 HPs)
             Began as a Gargoyle Earth Elementalist on Mar 28, 2022.
             Slain by a kobold
             ... wielding a +0 dagger
              (3 damage)
             ... on level 1 of the Dungeon.
             The game lasted 00:02:07 (154 turns).

Tolsthunder the Digger (Gargoyle Earth Elementalist) Turns: 154, Time: 00:02:08

Health: -1/10      AC:  4    Str: 11    XL:     1   Next: 60%
Magic:  3/3        EV: 12    Int: 15    God:
Gold:   27         SH:  5    Dex: 10    Spells: 3/4 levels left

rFire   . . .      SeeInvis .   e - +0 short sword
rCold   . . .      Faith    .   (no shield)
rNeg    + . .      Spirit   .   b - +0 robe
rPois   ∞          Reflect  +   (no helmet)
rElec   +          Harm     .   (no cloak)
rCorr   .          Rampage  .   (no gloves)
Will    .....                   (no boots)
Stlth   ++........              d - amulet of reflection
HPRegen 0.03/turn               (no ring)
MPRegen 0.08/turn               (no ring)

@: no status effects
A: sickness immunity, AC +2, negative energy resistance 1, electricity
resistance, torment resistance 1, petrification resistance
a: no special abilities


You were on level 1 of the Dungeon.
You visited 1 branch of the dungeon, and saw 1 of its levels.

You collected 27 gold pieces.

Inventory:

Hand Weapons
 e - a +0 short sword (weapon)
Missiles
 a - 35 stones
Armour
 b - a +0 robe (worn)
Jewellery
 d - an amulet of reflection (around neck)
Potions
 c - a potion of magic


   Skills:
 + Level 1.6 Dodging
 + Level 2.1 Stealth
 + Level 2.0 Spellcasting
 + Level 0.7 Transmutations
 + Level 3.9 Earth Magic


You had 3 spell levels left.
You knew the following spells:

 Your Spells              Type           Power      Damage    Failure   Level
a - Sandblast             Erth           26%        2d8       4%          1

Your spell library contained the following spells:

 Spells                   Type           Power      Damage    Failure   Level
 Passwall                 Tmut/Erth      6%         N/A       13%         2
 Stone Arrow              Conj/Erth      14%        3d7       30%         3
 Petrify                  Tmut/Erth      8%         N/A       63%         4


Dungeon Overview and Level Annotations

Branches:
Dungeon (1/15)

Altars:


Innate Abilities, Weirdness & Mutations

You are immune to sickness and miasma.
Your stone body is resilient. (AC +2)
You are immune to poison.
You resist negative energy. (rN+)
You are resistant to electric shocks. (rElec)
You are resistant to unholy torment.
You are immune to petrification.


Message History

You are too injured to fight recklessly!
You are too injured to fight recklessly!
You are too injured to fight recklessly!
You barely miss the bat.
The bat is severely wounded.
The bat closely misses you.
You barely miss the bat.
The bat is severely wounded.
The bat closely misses you. The bat hits you but does no damage.
A kobold comes into view. It is wielding a +0 dagger.
You hit the bat but do no damage.
The bat is severely wounded.
The bat barely misses you.
The rat twitches its whiskers.
You miss the bat.
The bat is severely wounded.
You block the bat's attack. The bat misses you.
You barely miss the bat.
The bat is severely wounded.
The bat hits you but does no damage. You block the bat's attack.
A quokka comes into view.
You hit the bat.
You kill the bat!
The frilled lizard unfolds its giant frill.
You hit the rat.
You kill the rat!
An endoplasm comes into view.
The endoplasm quivers.
You hit the goblin.
You kill the goblin!
You hit the frilled lizard.
You kill the frilled lizard!
You block the bat's attack. You block the bat's attack.
The kobold hits you but does no damage.
Things that are here:
a +0 dagger; a goblin corpse You hit the kobold but do no damage.
The kobold hits you with a +0 dagger.
* * * LOW HITPOINT WARNING * * *
You block the quokka's attack. The kobold hits you with a +0 dagger.
You die...

.........# ....#....#
....... ...#.#...####
....... ..#...#......
......( ##.....#####.###
....... ..........#....
....... .........#..#.#
.......
....<....#....###rJ.....
..........#.....@Kb.....
##.....#####..#####.....
..#...#......## ###
...#.#...#..##
....#..#...##
##.....##.## .....#..#.#
##...##.#.. .....##.###.


You could see an endoplasm, a quokka, a bat and a kobold.

Vanquished Creatures
  A goblin (D:1)
  A bat (D:1)
  A frilled lizard (D:1)
  A kobold (D:1)
  A rat (D:1)
5 creatures vanquished.

Notes
Turn   | Place    | Note
-------+----------+-------------------------------------------
     0 | D:1      | Tolsthunder the Gargoyle Earth Elementalist began the quest
                  | for the Orb.
     0 | D:1      | Reached XP level 1. HP: 10/10 MP: 3/3
   154 | D:1      | Slain by a kobold

Illustrated notes

Levels and vault maps discovered:
D:1:      scummos_arrival_star, layout_rooms, minmay_misc_feat_alley

Action                   || total
-------------------------++-------
Melee: Short sword       ||    25
       Unarmed           ||     6
Armor: Robe              ||    15
Dodge: Dodged            ||    20
Block: Other             ||     9

Table legend: (Time is in decaauts)
 A = Elapsed time spent in this place.
 B = Non-inter-level travel time spent in this place.
 C = Inter-level travel time spent in this place.
 D = Time resting spent in this place.
 E = Time spent auto-exploring this place.
 F = Levels seen in this place.
 G = Mean time per level.
                   A        B        C        D        E       F      G
               +--------+--------+--------+--------+--------+-----+--------+
         Total |    155 |    155 |      0 |      0 |     89 |   1 |  155.0 |
       Dungeon |    155 |    155 |      0 |      0 |     89 |   1 |  155.0 |
               +--------+--------+--------+--------+--------+-----+--------+

Top non-repeatable levels by time:
     D:1: 155 daAuts
